 Dungeon Crawl Stone Soup version 0.27-a0-1347-gd8886f0a89 (webtiles) character file.

Game seed: 14147726658145817148

669 wakim the Cudgeller (level 7, -5/62 HPs)
             Began as a Minotaur Berserker on June 27, 2021.
             Was a Priest of Trog.
             Slain by an orc warrior zombie (8 damage)
             ... on level 4 of the Dungeon.
             The game lasted 00:10:02 (4068 turns).

wakim the Cudgeller (Minotaur Berserker)            Turns: 4068, Time: 00:10:02

Health: -5/62      AC: 14    Str: 23    XL:     7   Next: 32%
Magic:  6/6        EV:  7    Int:  5    God:    Trog [***...]
Gold:   205        SH:  0    Dex:  9    Spells: 6/6 levels left

rFire    . . .     SeeInvis +   a - +1 flail
rCold    . . .     Faith    .   (no shield)
rNeg     . . .     Spirit   .   i - +0 plate armour
rPois    .         Reflect  .   (helmet restricted)
rElec    .         Harm     .   (no cloak)
rCorr    .         Rampage  .   g - +1 pair of gloves
Will     .....                  (no boots)
Stlth    ..........             (no amulet)
HPRegen  0.20/turn              d - ring of see invisible
MPRegen  0.10/turn              (no ring)

@: lethally poisoned (-5 -> -20)
A: horns 2, retaliatory headbutt
a: Renounce Religion, Berserk, Trog's Hand


You were on level 4 of the Dungeon.
You worshipped Trog.
Trog was most pleased with you.
You visited 2 branches of the dungeon, and saw 5 of its levels.

You collected 205 gold pieces.

Inventory:

Hand Weapons
 a - a +1 flail (weapon)
 b - a +0 arbalest
Missiles
 c - 51 bolts
Armour
 g - a +1 pair of gloves (worn)
 i - a +0 plate armour (worn)
 o - a +0 scale mail of willpower
Jewellery
 d - a ring of see invisible (left hand)
Scrolls
 r - a scroll of identify
 T - a scroll of teleportation
 U - a scroll of fear
Potions
 f - a potion of heal wounds {unknown}
 h - a potion of lignification {unknown}
 j - a potion of might {unknown}
 k - a potion of berserk rage {unknown}
 l - a potion of degeneration {unknown}
 F - a potion of curing
 G - 2 potions of flight
 O - a potion of resistance


   Skills:
 * Level 5.9 Fighting
 * Level 6.0 Maces & Flails
 + Level 2.5 Crossbows
 * Level 5.4 Armour
 + Level 3.8 Dodging


You had 6 spell levels left.
You didn't know any spells.
Your spell library was empty.

Dungeon Overview and Level Annotations

Branches:
Dungeon (4/15)             Temple (1/1) D:4

Altars:
Ashenzari
Xom

Annotations:
D:4 1 transporter


Innate Abilities, Weirdness & Mutations

You have a pair of horns on your head.
You reflexively headbutt those who attack you in melee.


Message History

F - a potion of curing The orc warrior zombie hits you with a +1 flail of venom.
* * * LOW HITPOINT WARNING * * *
The gnoll sergeant zombie closely misses you.
You barely miss the gnoll sergeant zombie.
The gnoll sergeant zombie is severely damaged.
The orc warrior zombie barely misses you.
You furiously retaliate!
You headbutt the orc warrior zombie.
The gnoll sergeant zombie hits you but does no damage.
You sock the gnoll sergeant zombie!
The gnoll sergeant zombie is almost destroyed.
The orc warrior zombie closely misses you.
The gnoll sergeant zombie hits you but does no damage.
You are poisoned.
You barely miss the gnoll sergeant zombie.
You headbutt the gnoll sergeant zombie.
You destroy the gnoll sergeant zombie!
Trog accepts your kill.
You feel very sick.
Unknown command.
You hit the orc warrior zombie but do no damage.
Your headbutt misses the orc warrior zombie.
The orc warrior zombie is lightly damaged.
You feel sick.
The orc warrior zombie hits you with a +1 flail of venom.
* * * LOW HITPOINT WARNING * * *
You are lethally poisoned!
You hit the orc warrior zombie. You headbutt the orc warrior zombie.
The orc warrior zombie is lightly damaged.
* * * LOW HITPOINT WARNING * * *
You feel very sick.
The orc warrior zombie hits you but does no damage.
You are more poisoned.
You closely miss the orc warrior zombie.
You headbutt the orc warrior zombie.
The orc warrior zombie is moderately damaged.
* * * LOW HITPOINT WARNING * * *
You feel very sick.
The orc warrior zombie hits you with a +1 flail of venom!
You die...

......# #....# #.#.#...#
......#########....######.....[.#
.........(................#.#..>#
#.##.###################......###
#.##.## #☼☼○○°######## #....###
......# #☼°○○.#°°°°○°# #.####
####..###°°☼.○#○○°°○☼###.#
........#!$.○○'.#.#°☼#...#
#####..©#©$.○°○)@.©°°#©..#
#...#)$.○○°Z#.#○○#...#
#.###°°°☼☼#☼°°○°°#...# #####.#
#○☼○°.#☼°☼○○○#...#
......###○°°○.########.###
#####..########........#
............##...#.#####
######..###.##.###.## ........#
#.....#...#


You could see an orc warrior zombie.

Vanquished Creatures
  Duvessa (D:4)
  A sky beast (D:4)
  A wyvern zombie (D:3)
  A water moccasin zombie (D:3)
  Dowan (D:4)
  The ghost of sn0wgr3 the Skirmisher, a weakling GrFi (D:3)
  A centaur skeleton (D:3)
  Natasha (thrice) (D:4)
  2 orc wizards (D:4)
  A gnoll zombie (D:4)
  4 adders
  An ufetubus (D:4)
  6 dart slugs
  3 orcs
  4 bats
  4 endoplasms
  A giant cockroach (D:1)
  4 hobgoblins
  7 jackals
  A quokka (D:2)
  7 ball pythons
  A frilled lizard (D:3)
  2 goblins
  9 kobolds
  2 rats (D:1)
69 creatures vanquished.

Notes
Turn   | Place    | Note
-------+----------+-------------------------------------------
     0 | D:1      | wakim the Minotaur Berserker began the quest for the Orb.
     0 | D:1      | Reached XP level 1. HP: 19/19 MP: 0/0
   300 | D:1      | Reached XP level 2. HP: 19/27 MP: 1/1
   552 | D:1      | Reached skill level 4 in Maces & Flails
  1309 | D:2      | Reached XP level 3. HP: 33/33 MP: 2/2
  1343 | D:2      | Reached ** piety under Trog
  1919 | D:3      | Reached XP level 4. HP: 36/40 MP: 3/3
  2023 | D:3      | Found a transporter.
  2023 | D:3      | Noticed sn0wgr3's ghost (weakling GrFi)
  2307 | D:3      | Found a transporter.
  2718 | D:3      | Killed sn0wgr3's ghost
  2719 | D:3      | Reached skill level 1 in Crossbows
  2719 | D:3      | Reached XP level 5. HP: 33/47 MP: 4/4
  2725 | D:3      | Reached skill level 5 in Maces & Flails
  2729 | D:3      | Reached skill level 5 in Fighting
  2729 | D:3      | Reached XP level 6. HP: 29/56 MP: 5/5
  2995 | D:4      | Noticed Natasha
  3002 | D:4      | Killed Natasha
  3041 | D:4      | Found a broken altar of Ashenzari.
  3175 | D:4      | Reached *** piety under Trog
  3193 | D:4      | Noticed Natasha
  3194 | D:4      | Noticed a sky beast
  3198 | D:4      | Killed Natasha
  3204 | D:4      | Killed a sky beast
  3205 | D:4      | Reached skill level 5 in Armour
  3217 | D:4      | Noticed Natasha
  3219 | D:4      | Killed Natasha
  3248 | D:4      | Found a shimmering altar of Xom.
  3261 | D:4      | Noticed Duvessa
  3261 | D:4      | Noticed Dowan
  3274 | D:4      | Killed Duvessa
  3275 | D:4      | Reached XP level 7. HP: 42/62 MP: 6/6
  3280 | D:4      | Killed Dowan
  3281 | D:4      | Reached skill level 6 in Maces & Flails
  3738 | D:4      | Found a transporter.
  3766 | D:4      | Found a staircase to the Ecumenical Temple.
  3775 | Temple   | Entered the Ecumenical Temple
  3905 | D:4      | Found a transporter.
  4068 | D:4      | HP: 3/62 [poisoned by an orc warrior zombie]
  4068 | D:4      | Slain by an orc warrior zombie

Illustrated notes

Levels and vault maps discovered:
D:1:      dpeg_arrival_arbitrary_c, layout_loops_ring, minmay_bisected
D:2:      layout_rooms
D:3:      layout_loops_ring, gammafunk_ghost_mausoleum
D:4:      gammafunk_cloud_chamber, layout_basic, evilmike_ruin_ashenzari,
          lemuel_doored_altar, minmay_temple_entry_antechambers,
          glass_columns_a, uniq_duvessa, uniq_natasha
Temple:   regret_index_temple_generic_petals

Skill      XL: |  1  2  3  4  5  6  7 |
---------------+----------------------+-----
Maces & Flails | 4 5 6 |  6.0
Armour         | 3 4 5 |  5.4
Fighting       | 4 5 |  5.9
Crossbows      | 1 2 |  2.5
Dodging        | 3 |  3.8

Action                   |  1- 3 |  4- 6 |  7- 9 || total
-------------------------+-------+-------+-------++-------
Melee: Mace              |    73 |       |       ||    73
       Headbutt          |    18 |    19 |     5 ||    42
       Flail             |    25 |    76 |    19 ||   120
 Fire: Arbalest          |       |     4 |       ||     4
Invok: Berserk           |     1 |     3 |       ||     4
       Trog's Hand       |       |     1 |       ||     1
  Use: Scroll            |     1 |     5 |       ||     6
       Potion            |       |       |     1 ||     1
Armor: Leather armour    |    10 |       |       ||    10
       Ring mail         |     9 |       |       ||     9
       Scale mail        |       |    31 |       ||    31
       Plate armour      |       |       |    10 ||    10
Dodge: Dodged            |    83 |    39 |    10 ||   132

Table legend: (Time is in decaauts)
 A = Elapsed time spent in this place.
 B = Non-inter-level travel time spent in this place.
 C = Inter-level travel time spent in this place.
 D = Time resting spent in this place.
 E = Time spent auto-exploring this place.
 F = Levels seen in this place.
 G = Mean time per level.
                   A        B        C        D        E       F      G
               +--------+--------+--------+--------+--------+-----+--------+
         Total |   4133 |   3998 |    135 |    500 |   2828 |   5 |  826.6 |
       Dungeon |   4122 |   3987 |    135 |    500 |   2824 |   4 | 1030.5 |
        Temple |     10 |     10 |      0 |      0 |      4 |   1 |   10.0 |
               +--------+--------+--------+--------+--------+-----+--------+

Top non-repeatable levels by time:
     D:1: 1209 daAuts
     D:3: 1130 daAuts
     D:4: 1125 daAuts
     D:2: 657 daAuts
  Temple: 10 daAuts
